 Dungeon Crawl Stone Soup version 0.32-a0-520-g344ed53f66 (webtiles) character file.

Game seed: 18379304519396267317

241766 cforsyth the Warrior (level 19, 0/167 HPs)
             Began as a Coglin Gladiator on Feb 27, 2024.
             Was the Champion of the Shining One.
             Slain by a war gargoyle
             ... wielding a +3 flail of venom
             ... led by a peacekeeper
              (21 damage)
             ... on level 2 of the Vaults.
             The game lasted 01:36:44 (49269 turns).

cforsyth the Warrior (Coglin Gladiator)            Turns: 49269, Time: 01:36:46

Health: 0/167      AC: 36    Str: 28    XL:     19   Next: 82%
Magic:  27/27      EV: 12    Int: 12    God:    the Shining One [******]
Gold:   1986       SH:  5    Dex: 14    Spells: 18/18 levels left

rFire   + + .        a - +2 war axe (elec) {Kasem}
rCold   + + .        m - +4 hand axe "Oklot" {protect, ^Fragile rPois rF+ rC+ Str+4}
rNeg    + + +        s - +5 chain mail of Naafify {rElec Regen+ Stlth+}
rPois   +            I - +0 helmet {Int+3}
rElec   +            l - +0 cloak
rCorr   .            C - +2 pair of gloves
SInv    .            W - +1 pair of boots {Stlth+}
Will    ++...        B - amulet of the Fabulous Jackfruit {Reflect Harm Will+ Str+3 Dex-2 SH+5}
Stlth   +            (ring unavailable)
HPRegen 1.27/turn    (ring unavailable)
MPRegen 0.20/turn

%: harm (+30% outgoing, +20% incoming), reflection
@: lethally poisoned (0 -> -14), under a protective aura, glowing, revving
A: cold resistance 1, fire resistance 1, off-hand wielding, slow wielding,
warmup strikes, no rings
}: 1/15 runes: gossamer
a: Renounce Religion, Divine Shield, Cleansing Flame, Summon Divine Warrior,
Brand Weapon With Holy Wrath


You were on level 2 of the Vaults.
You worshipped the Shining One.
The Shining One was exalted by your worship.
You visited 7 branches of the dungeon, and saw 32 of its levels.
You also visited: Sewer and Bailey.

You collected 3030 gold pieces.
You spent 1044 gold pieces at shops.


Innate Abilities, Weirdness & Mutations

Your flesh is cold resistant. (rC+)
Your flesh is heat resistant. (rF+)
You can wield a second weapon in your off-hand.
It takes a long time for you to wield or remove held weapons.
Your first few attacks do less damage.
Your grasper-arms cannot wear rings.


   Skills:
 + Level 19.4 Fighting
 - Level 18.4 Axes
 - Level 1.7 Throwing
 + Level 17.6 Armour
 + Level 6.5 Dodging
 + Level 11.0 Invocations


You had 18 spell levels left.
You didn't know any spells.
Your spell library contained the following spells:

 Spells                   Type           Power      Damage    Failure   Level
 Apportation              Tloc           0%         N/A       65%         1
 Freeze                   Ice            0%         1d3       65%         1
 Kiss of Death            Conj/Necr      0%         2d5       65%         1
 Necrotise                Necr           0%         1d4       65%         1
 Sting                    Conj/Alch      0%         1d3       65%         1
 Summon Small Mammal      Summ           0%         N/A       65%         1
 Blink                    Tloc           0%         N/A       80%         2
 Ensorcelled Hibernation  Hex/Ice        0%         N/A       80%         2
 Jinxbite                 Hex            0%         N/A       80%         2
 Lesser Beckoning         Tloc           0%         N/A       80%         2
 Momentum Strike          Conj/Tloc      0%         3d8       80%         2
 Scorch                   Fire           0%         2d5       80%         2
 Call Canine Familiar     Summ           0%         N/A       95%         3
 Confusing Touch          Hex            0%         N/A       95%         3
 Frozen Ramparts          Ice            0%         1d1       95%         3
 Fugue of the Fallen      Necr           0%         N/A       95%         3
 Gell's Gravitas          Tloc           0%         N/A       95%         3
 Hailstorm                Conj/Ice       0%         3d5       95%         3
 Inner Flame              Hex/Fire       0%         N/A       95%         3
 Passwall                 Erth           0%         N/A       95%         3
 Sigil of Binding         Hex            0%         N/A       95%         3
 Summon Ice Beast         Ice/Summ       0%         N/A       95%         3
 Swiftness                Air            0%         N/A       95%         3
 Teleport Other           Tloc           0%         N/A       95%         3
 Anguish                  Hex/Necr       0%         N/A       100%        4
 Cause Fear               Hex            0%         N/A       100%        4
 Dimensional Bullseye     Hex/Tloc       0%         N/A       100%        4
 Dispel Undead            Necr           0%         3d6       100%        4
 Flame Wave               Conj/Fire      0%         2d4       100%        4
 Leda's Liquefaction      Alch/Erth      0%         N/A       100%        4
 Passage of Golubria      Tloc           0%         N/A       100%        4
 Petrify                  Alch/Erth      0%         N/A       100%        4
 Sticky Flame             Fire/Alch      0%         2d4       100%        4
 Fireball                 Conj/Fire      0%         3d3       100%        5
 Freezing Cloud           Conj/Ice/Air   0%         6-21      100%        5
 Metabolic Englaciation   Hex/Ice        0%         N/A       100%        5
 Summon Mana Viper        Hex/Summ       0%         N/A       100%        5
 Yara's Violent Unravell  Hex/Alch       0%         3d3       100%        5
 Conjure Ball Lightning   Conj/Air       0%         3x3d6     100%        6
 Summon Cactus Giant      Summ           0%         N/A       100%        6
 Enfeeble                 Hex            0%         N/A       100%        7
 Monstrous Menagerie      Summ           0%         N/A       100%        7
 Discord                  Hex            0%         N/A       100%        8
 Disjunction              Tloc           0%         N/A       100%        8
 Chain Lightning          Conj/Air       0%         N/A       100%        9
 Dragon's Call            Summ           0%         N/A       100%        9
 Fire Storm               Conj/Fire      0%         5d1       100%        9
 Shatter                  Erth           0%         3d5*      100%        9

Inventory:

Hand Weapons
 a - a +2 war axe of electrocution (weapon) {Kasem}
 m - the +4 hand axe "Oklot" (offhand) {protect, ^Fragile rPois rF+ rC+ Str+4}
   (You found it on level 4 of the Lair of Beasts)

   Str+4:     It affects your strength (+4).
   rF+:       It protects you from fire.
   rC+:       It protects you from cold.
   rPois:     It protects you from poison ^Fragile: It will be destroyed if
   unequipped.
Missiles
 d - 8 throwing nets (quivered) {=f}
 e - 4 javelins
Armour
 i - a +0 crystal plate armour
 l - a +0 cloak (worn)
 s - the +5 chain mail of Naafify (worn) {rElec Regen+ Stlth+}
   (You bought it in a shop on level 4 of the Dungeon)

   rElec:     It insulates you from electricity.
   Regen+:    It increases your rate of health regeneration.
   Stlth+:    It makes you more stealthy.
 C - a +2 pair of gloves (worn)
 I - a +0 helmet of intelligence (worn)
 T - the +2 hat of Knowledge {rPois rF- rC+++ Dex-5}
   (You found it on level 4 of the Spider Nest)

   Dex-5:     It affects your dexterity (-5).
   rF-:       It makes you vulnerable to fire.
   rC+++:     It renders you almost immune to cold.
   rPois:     It protects you from poison
 V - a scarf of resistance
 W - a +1 pair of boots of stealth (worn)
Magical Staves
 r - a staff of alchemy {!a}
 A - a staff of earth {!a}
Jewellery
 B - the amulet of the Fabulous Jackfruit (around neck) {Reflect Harm Will+ Str+3 Dex-2 SH+5}
   (You found it on level 6 of the Dungeon)

   [amulet of reflection]

   Reflect:   It reflects blocked missile attacks.
   Str+3:     It affects your strength (+3).
   Dex-2:     It affects your dexterity (-2).
   Will+:     It increases your willpower.
   SH+5:      It affects your SH (+5).
   Harm:      It increases damage dealt and taken.
 G - an amulet of regeneration
 H - an amulet of faith {!P}
 U - an amulet of reflection
Talismans
 q - a granite talisman
Wands
 n - a wand of charming (3)
 t - a wand of mindburst (5)
 z - a wand of flame (18)
 D - a wand of digging (17)
 E - a wand of polymorph (17)
 R - a wand of roots (3)
Scrolls
 b - 5 scrolls of noise
 c - a scroll of immolation
 u - 5 scrolls of poison
 x - 3 scrolls of amnesia
 y - 4 scrolls of fog
 F - 5 scrolls of enchant armour
 J - 2 scrolls of teleportation {@r2}
 K - 4 scrolls of enchant weapon
 L - 4 scrolls of vulnerability
 M - 5 scrolls of revelation
 P - 4 scrolls of identify {@r1}
 S - 2 scrolls of blinking
Potions
 f - 2 potions of cancellation
 g - 11 potions of brilliance
 j - 7 potions of curing {@q1}
 k - a potion of magic
 o - 4 potions of lignification
 p - 3 potions of enlightenment
 v - a potion of attraction
 w - 9 potions of mutation
 N - 7 potions of ambrosia
 X - 2 potions of might {unknown}
Miscellaneous
 O - a phial of floods

Dungeon Overview and Level Annotations

Branches:
Dungeon (15/15)            Temple (1/1) D:6            Lair (5/5) D:11
  Swamp (3/4) Lair:3       Spider (4/4) Lair:2        Slime (0/5) Lair:4
    Orc (2/2) D:10            Elf (0/3) Orc:2        Vaults (2/5) D:13
  Crypt (0/3) Vaults:2     Depths (0/4) D:15          Sewer (visited)
 Bailey (visited)

Altars:
Ashenzari
Cheibriados
Dithmenos
Elyvilon
Fedhas
Gozag
Hepliaklqana
Kikubaaqudgha
Makhleb
Nemelex Xobeh
Okawaru
Qazlal
Ru
Sif Muna
Trog
Uskayaw
Vehumet
Wu Jian
Xom
Yredelemnul
Zin
The Shining One
Beogh

Shops:
D:4 [   D:6 *   Orc:2 *:[*

Annotations:
D:13 1 transporter
Swamp:2 2 runed translucent doors, Gadrel's ghost, journeyman MDFE

▒▒▒▒ ▒......▒ ▒......▒
▒..... ...▒ ▒......▒
▒......▒ ▒..... ...▒
▒......▒ ▒....^.▒ ▒▒▒▒▒▒
...▒ ▒......▒ ▒......▒ ...▒
▒).....▒ ▒......▒
...▒▒▒'▒▒+▒▒▒▒▒......▒
...▒.......÷..▒......▒
...'...).....['......▒ ▒
▒▒▒▒..........▒9@....▒ .c
▒..........▒......▒ ▒...
▒▒▒▒..........▒......▒ ...▒.
...'..........▒....c.▒......
...▒▒▒▒▒▒▒▒▒▒▒▒......c.▒
▒..▒ ▒.[....▒.▒ ▒..▒
▒......▒▒▒ ▒..▒ ▒......▒
▒..▒ ▒'▒'▒▒▒▒


You could see 2 centaur warriors and a war gargoyle (strong).


Message History

* * * LOW HITPOINT WARNING * * *
You hit the war gargoyle but do no damage.
The war gargoyle is lightly damaged.
You hit the war gargoyle with your +2 war axe of electrocution.
* * * LOW HITPOINT WARNING * * *
You feel very sick.
The centaur warrior shoots an arrow.
The arrow hits you!
* * * LOW HITPOINT WARNING * * *
The arrow freezes you.
* * * LOW HITPOINT WARNING * * *
A centaur warrior comes into view.
The war gargoyle hits you with a +3 flail of venom!!
The Shining One protects you from harm!
Unknown command.
You feel much better.
* * * LOW HITPOINT WARNING * * *
You feel extremely sick.
The centaur warrior shoots an arrow.
The arrow hits you but does no damage.
The centaur warrior wields a +0 shortbow.
The centaur warrior shoots an arrow.
The arrow hits you!
* * * LOW HITPOINT WARNING * * *
You block the war gargoyle's attack.
Unknown command.
You feel much better.
You feel extremely sick.
The centaur warrior shoots an arrow.
You block the arrow with an invisible shield... and reflect it back!
The arrow hits the centaur warrior!
The arrow freezes the centaur warrior!
The war gargoyle hits you with a +3 flail of venom!!
You die...

Skill      XL: |  1  2  3  4  5  6  7  8  9 10 11 12 13 14 15 16 17 18 19 |
---------------+----------------------------------------------------------+-----
Armour         | 1 2 3 4 5 7 8 10 11 12 13 14 15 16 17 | 17.6
Fighting       | 3 4 5 6 8 9 11 12 14 15 16 17 18 19 | 19.4
Axes           | 4 5 7 8 10 11 12 14 15 16 17 18 | 18.4
Invocations    | 1 5 7 8 10 11 | 11.0
Dodging        | 4 6 |  6.5
Throwing       | |  1.7

Action                     |  1- 3 |  4- 6 |  7- 9 | 10-12 | 13-15 | 16-18 | 19-21 || total
---------------------------+-------+-------+-------+-------+-------+-------+-------++-------
  Melee: War axe           |   103 |   136 |   335 |   484 |   918 |   877 |   283 ||  3136
         Dagger            |       |   115 |   178 |       |       |       |       ||   293
         Hand axe          |       |       |   129 |   466 |   882 |   804 |   274 ||  2555
         Unarmed           |       |       |       |       |       |       |    10 ||    10
  Throw: Javelin           |       |       |       |       |     4 |       |       ||     4
 Invoke: Divine Shield     |       |       |       |       |       |     2 |       ||     2
         Summon Divine War |       |       |       |       |       |     3 |       ||     3
         Cleansing Flame   |       |       |       |       |       |     1 |       ||     1
  Evoke: Wand              |       |       |     8 |     8 |    15 |    14 |       ||    45
    Use: Scroll            |       |     3 |     8 |     8 |    13 |    11 |       ||    43
         Potion            |       |       |     2 |     1 |     4 |     1 |     5 ||    13
 Armour: Leather armour    |    43 |       |       |       |       |       |       ||    43
         Chain mail        |    31 |   112 |   274 |       |   152 |  1074 |   228 ||  1871
         Crystal plate arm |       |       |    85 |   508 |   697 |       |       ||  1290
  Dodge: Dodged            |    72 |    60 |   170 |   106 |   222 |   390 |   105 ||  1125
         Repelled          |       |       |       |       |       |       |     5 ||     5
  Block: Other             |       |       |    36 |    88 |   156 |   184 |    31 ||   495
         Reflection        |       |       |       |     3 |     5 |    10 |     6 ||    24

Levels and vault maps discovered:
D:1:      roderic_octagonal_star, layout_basic, grunt_decor_junction,
          minmay_tetromino_o4
D:2:      layout_basic, shapermc_ecumenical_altar_petra
D:3:      layout_basic, mainiacjoe_sewer_entry_somewhere_in_here_1,
          ebering_ghost_sewer_d, uniq_sigmund
D:4:      layout_rooms, nicolae_elyvilon_temple_path,
          grunt_temple_overflow_growth_and_decay, nicolae_stop_n_shop_1
D:5:      layout_rooms, tso_metal_star, nicolae_uskayaw_dance_hall,
          grunt_dithmenos_smoke_and_mirrors, chequers_serial_rivers_large_b
D:6:      layout_rooms, minmay_temple_entry_mini_moons, nicolae_alphabet_shops,
          st_stairs_3, minmay_misc_feat_rows
D:7:      wad_lake_hut, layout_basic, lemuel_coloured_pillars_altar,
          enter_bailey_4, minmay_liquid_box, hangedman_glass_teeth,
          minivault_19, kennysheep_minor_cross, uniq_duvessa
D:8:      black_bear_nest_2, layout_loops_ring,
          pdpol_temple_overflow_zin_treasury_gozag_greed,
          mainiacjoe_overflow_concentric_impassable, uniq_erica
D:9:      layout_loops_cross, serial_library_hellmonk_angled_corner
D:10:     layout_long_grid, minmay_orc_entry_temple_small, corexii_checkpoint,
          st_stairs_12, uniq_nergalle
D:11:     layout_basic, dpeg_lair_monsters, ebering_ghost_funeral_grove,
          minmay_between
D:12:     layout_roguey, chequers_serial_rivers_micro_c
D:13:     gammafunk_dig_for_victory, layout_layer_cave, david_vaults_5
D:14:     layout_irregular_city, nrook_mini_backslash
D:15:     gammafunk_enter_depths_forms, layout_long_grid
Temple:   hellmonk_temple_flake
Lair:1:   layout_cave_pods, st_stairs_10, tgw_fedhas
Lair:2:   dreamdust_isle_of_ice, layout_cave_pods, spider_nest_entry_funnel_web,
          cheibrodos_lair_reptile_den, lemuel_fruit_fields
Lair:3:   regret_index_wax_grids, layout_regular_city,
          mainiacjoe_swamp_entry_angry_trees, grunt_forest_small_clearing_treed
Lair:4:   beast_lair_carwin_large_1, layout_gridlike, slime_entry_1,
          lemuel_fruit_fields
Lair:5:   evilmike_catoblepas_cave, layout_hall_layers, uniq_josephine
Swamp:1:  cheibrodos_swamp_tower_of_moss, layout_basic_swamp,
          evilmike_swamp_ruin_house_4, swamp_pool_1_2
Swamp:2:  layout_basic_swamp, ebering_ghost_disaster_area,
          nicolae_swamp_feature_on_the_river_bank, swamp_pool_5,
          nicolae_swamp_long_stream
Swamp:3:  layout_basic_swamp, evilmike_swamp_ruin_rubble_1, swamp_pool_5,
          st_swamp_ruins_4, infiniplex_staircase_pool_2
Spider:1: layout_cave_pods, nicolae_spider_twisty_arc_passages
Spider:2: layout_spider_delve
Spider:3: layout_spider_delve, drop_trap, uniq_louise
Spider:4: johnstein_spider_rune_arachne_lair, uniq_arachne
Orc:1:    layout_caves, guppyfry_library_mini
Orc:2:    st_orc_pillars, layout_caves, nicolae_orc_lost_temple
Vaults:1: v_misc_17, v_rooms_2, v_misc_24, nicolae_vaults_closet_pinwheel_3,
          nicolae_vaults_little_squares_3, ontoclasm_vaults_gateway,
          nicolae_vaults_little_squares_3, nicolae_vaults_diamond_1,
          layout_vaults_omnigrid
Vaults:2: hangedman_vaults_river_flow, minmay_crypt_entry_necro_gods,
          nicolae_vaults_closet_pinwheel_2, v_misc_23,
          nicolae_vaults_storage_closets_1, v_misc_17, v_misc_32,
          nicolae_vaults_tetromino_L_2, grunt_vaults_hallway_short,
          nicolae_vaults_offset_grid_hallway_1, lightli_orcish_oven,
          vaults_room_stairs_pillars, ontoclasm_vaults_pinch,
          layout_vaults_omnicross, uniq_mennas

Notes
Turn   | Place    | Note
-------+----------+-------------------------------------------
     0 | D:1      | cforsyth the Coglin Gladiator began the quest for the Orb.
     0 | D:1      | Reached XP level 1. HP: 16/16 MP: 1/1
   107 | D:1      | Reached XP level 2. HP: 18/22 MP: 2/2
   242 | D:1      | Reached skill level 1 in Armour
   815 | D:2      | Reached XP level 3. HP: 28/28 MP: 3/3
  1195 | D:2      | Reached XP level 4. HP: 13/34 MP: 4/4
  1473 | D:2      | Reached skill level 3 in Fighting
  1633 | D:3      | Reached skill level 2 in Armour
  1661 | D:3      | Found a glowing drain.
  1682 | D:3      | Reached skill level 4 in Axes
  1682 | D:3      | Reached XP level 5. HP: 35/41 MP: 5/5
  1683 | Sewer    | Entered a sewer
  2078 | Sewer    | Noticed a kobold brigand
  2114 | Sewer    | Killed a kobold brigand
  2115 | Sewer    | Reached skill level 4 in Fighting
  2115 | Sewer    | Reached XP level 6. HP: 21/48 MP: 6/6
  2250 | Sewer    | Reached skill level 3 in Armour
  2274 | Sewer    | Reached skill level 5 in Axes
  2349 | Sewer    | Reached XP level 7. HP: 48/55 MP: 7/7
  3063 | D:3      | Found a runed translucent door.
  3066 | D:3      | Noticed BubbleThief's ghost (amateur TeAE)
  3173 | D:3      | Noticed Sigmund
  3397 | D:3      | Killed Sigmund
  3398 | D:3      | Reached skill level 5 in Fighting
  3576 | D:4      | Found a blossoming altar of Fedhas.
  3579 | D:4      | Reached skill level 4 in Armour
  3581 | D:4      | Found an ancient bone altar of Kikubaaqudgha.
  3623 | D:4      | Found Qoogoi's Antique Armour Emporium.
  3966 | D:4      | Reached XP level 8. HP: 50/63 MP: 8/8
  4105 | D:4      | Found a white marble altar of Elyvilon.
  4223 | D:5      | Entered Level 5 of the Dungeon
  4241 | D:5      | Reached skill level 6 in Axes
  4587 | D:5      | Found a glowing golden altar of the Shining One.
  4734 | D:5      | Reached skill level 6 in Fighting
  4828 | D:5      | Found a shadowy altar of Dithmenos.
  4990 | D:5      | Found a hide-covered altar of Uskayaw.
  4996 | D:5      | Reached skill level 5 in Armour
  5398 | D:6      | Found Eousuz's Eclectic Emporium.
  5500 | D:6      | Identified the amulet of the Fabulous Jackfruit {Reflect
                  | Harm Will+ Str+3 Dex-2 SH+5}
  5645 | D:6      | Noticed a wyvern
  5648 | D:6      | Reached skill level 7 in Axes
  5654 | D:6      | Reached XP level 9. HP: 33/71 MP: 9/9
  5656 | D:6      | Reached skill level 7 in Fighting
  5876 | D:6      | Found a staircase to the Ecumenical Temple.
  5887 | Temple   | Entered the Ecumenical Temple
  5955 | D:5      | Became a worshipper of the Shining One
  6017 | D:6      | Reached skill level 6 in Armour
  6222 | D:7      | Noticed Duvessa
  6222 | D:7      | Noticed Dowan
  6234 | D:7      | Killed Duvessa
  6331 | D:7      | Killed Dowan
  6352 | D:7      | Found a flagged portal.
  6374 | Bailey   | Entered a bailey
  6446 | Bailey   | Identified a +0 crystal plate armour
  6466 | Bailey   | Reached skill level 8 in Axes
  6677 | Bailey   | Reached * piety under the Shining One
  6728 | Bailey   | Reached skill level 8 in Fighting
  6755 | Bailey   | Identified the +1 robe "Iraaxt" {+Blink rF++ Will+ Dex+4}
  6784 | Bailey   | Reached skill level 7 in Armour
  6866 | Bailey   | HP: 2/74 [gnoll sergeant/+0 glaive (12)]
  6869 | Bailey   | Identified the +2 long sword "Quhehos" {freeze, rPois
                  | Dex+2}
  6874 | Bailey   | Reached XP level 10. HP: 26/80 MP: 10/10
  7619 | D:7      | Reached ** piety under the Shining One
  7666 | D:7      | Reached skill level 9 in Axes
  8155 | D:7      | Identified the +5 quarterstaff "Huoll" {venom, ^Contam
                  | Str+3 Int+3}
  8226 | D:7      | Found a hazy altar of Hepliaklqana.
  8592 | D:4      | Bought a pair of embroidered gloves for 240 gold pieces
  8841 | D:8      | You fall into a shaft and drop 1 floor!
  8850 | D:9      | Reached skill level 9 in Fighting
  8900 | D:9      | Reached skill level 8 in Armour
  9844 | D:8      | Found an opulent altar of Gozag.
  9891 | D:8      | Found a stormy altar of Qazlal.
  9898 | D:8      | Noticed Erica
  9925 | D:8      | Killed Erica
  9926 | D:8      | Reached skill level 10 in Axes
  9926 | D:8      | Reached XP level 11. HP: 76/90 MP: 11/11
 10305 | D:8      | Found a glowing silver altar of Zin.
 10387 | D:8      | Reached skill level 10 in Fighting
 10695 | D:10     | Entered Level 10 of the Dungeon
 10707 | D:10     | Noticed Nergalle
 10997 | D:10     | Killed Nergalle
 11066 | D:10     | Identified the +1 leather armour "Lameu" {rElec Str+3
                  | Stlth+}
 11087 | D:10     | Reached *** piety under the Shining One
 11107 | D:10     | Reached skill level 9 in Armour
 11811 | D:10     | Found a staircase to the Orcish Mines.
 11876 | D:10     | Found a roughly hewn altar of Beogh.
 12031 | D:11     | Found a staircase to the Lair.
 12472 | D:11     | Noticed a boulder beetle
 12495 | D:11     | Killed a boulder beetle
 12496 | D:11     | Reached skill level 11 in Axes
 12679 | D:11     | Found a runed translucent door.
 12773 | D:11     | Noticed a two-headed ogre
 12778 | D:11     | Killed a two-headed ogre
 12779 | D:11     | Reached skill level 11 in Fighting
 12860 | D:11     | Noticed AutarchDCSS's ghost (journeyman CoHs)
 12861 | D:11     | Identified the +1 trident "Namitemm" {flame, *Noise rPois
                  | rCorr Int+2}
 12862 | D:11     | Noticed a spriggan rider
 12967 | D:11     | Noticed a two-headed ogre
 12975 | D:11     | Killed a two-headed ogre
 13146 | D:11     | Noticed a boulder beetle
 13166 | D:11     | Killed a boulder beetle
 13167 | D:11     | Reached skill level 10 in Armour
 13167 | D:11     | Reached XP level 12. HP: 70/100 MP: 12/12
 15038 | D:4      | Bought a shiny helmet for 240 gold pieces
 15329 | D:13     | Reached **** piety under the Shining One
 15334 | D:13     | Reached skill level 12 in Axes
 15435 | D:13     | Reached skill level 12 in Fighting
 15994 | D:13     | Found a transporter.
 16011 | D:13     | Noticed a centaur warrior
 16021 | D:13     | Killed a centaur warrior
 16022 | D:13     | Reached skill level 11 in Armour
 16099 | D:13     | Noticed an eight-headed hydra
 16106 | D:13     | Killed an eight-headed hydra
 16413 | D:13     | Found a transporter.
 16789 | D:13     | Gained mutation: Your flesh is cold resistant. (rC+)
                  | [Coglin growth]
 16789 | D:13     | Gained mutation: Your flesh is heat resistant. (rF+)
                  | [Coglin growth]
 16789 | D:13     | Reached XP level 13. HP: 51/109 MP: 13/13
 17449 | D:13     | Noticed a vault guard
 17508 | Lair:1   | Entered Level 1 of the Lair of Beasts
 17533 | Lair:1   | Reached skill level 13 in Axes
 17570 | Lair:1   | Reached skill level 13 in Fighting
 18595 | Lair:1   | Reached skill level 12 in Armour
 18665 | Lair:1   | Found a blossoming altar of Fedhas.
 19458 | Lair:2   | Reached ***** piety under the Shining One
 21311 | Lair:2   | Found a hole to the Spider Nest.
 21672 | Lair:2   | Reached skill level 14 in Axes
 21741 | Lair:2   | Reached skill level 14 in Fighting
 21908 | Lair:2   | Reached XP level 14. HP: 110/120 MP: 14/14
 22624 | Lair:3   | Reached skill level 13 in Armour
 24123 | Lair:3   | Identified the +0 robe "Voqu" {Regen+}
 24331 | Lair:3   | Reached skill level 15 in Axes
 24332 | Lair:3   | Reached skill level 15 in Fighting
 24385 | Lair:3   | Found a staircase to the Swamp.
 25118 | Lair:4   | Identified the +4 hand axe "Oklot" {protect, ^Fragile rPois
                  | rF+ rC+ Str+4}
 25293 | Lair:4   | Reached skill level 1 in Invocations
 25422 | Lair:4   | Reached XP level 15. HP: 113/129 MP: 16/16
 26004 | Lair:4   | Found a staircase to the Slime Pits.
 26121 | Lair:5   | Entered Level 5 of the Lair of Beasts
 26138 | Lair:5   | Reached skill level 2 in Invocations
 26184 | Lair:5   | Noticed Josephine
 26184 | Lair:5   | Reached ****** piety under the Shining One
 26538 | Lair:5   | Killed Josephine
 26676 | Lair:5   | Reached skill level 14 in Armour
 26964 | Lair:5   | Reached skill level 3 in Invocations
 27600 | Lair:5   | Identified the +1 flail "Odaodeth" {heavy, ^Fragile rF+
                  | Dex+6}
 27772 | Lair:5   | Identified the staff "Vejixema" {Int+3 Dex+8 Earth}
 28013 | D:4      | Bought a warped chain mail for 304 gold pieces
 28013 | D:4      | Identified the +5 chain mail of Naafify {rElec Regen+
                  | Stlth+} (You bought it in a shop on level 4 of the Dungeon)
 28494 | Orc:1    | Entered Level 1 of the Orcish Mines
 28650 | Orc:1    | Reached skill level 4 in Invocations
 28742 | Orc:1    | Noticed an orc warlord
 28757 | Orc:1    | Killed an orc warlord
 28975 | Orc:2    | Entered Level 2 of the Orcish Mines
 29080 | Orc:2    | Found a staircase to the Elven Halls.
 29116 | Orc:2    | Found a roughly hewn altar of Beogh.
 29532 | Orc:2    | Reached skill level 16 in Fighting
 29737 | Orc:1    | HP: 11/131 [orc priest/divine providence (15)]
 29986 | D:13     | Reached skill level 16 in Axes
 30010 | D:13     | Found a gate to the Vaults.
 30316 | D:14     | Reached skill level 5 in Invocations
 30364 | D:14     | Reached XP level 16. HP: 124/138 MP: 19/19
 31307 | Orc:2    | Found Ufaow's Book Boutique.
 31308 | Orc:2    | Found Otankiha's Antique Armour Shop.
 31308 | Orc:2    | Found Aragou Fofye's Assorted Antiques.
 31309 | Orc:2    | Found Niprug's General Store.
 31315 | Orc:2    | Bought a potion of berserk rage for 65 gold pieces
 31320 | Orc:2    | Bought a pair of embroidered gloves for 195 gold pieces
 31827 | D:3      | Killed BubbleThief's ghost
 32095 | D:15     | Entered Level 15 of the Dungeon
 32315 | D:15     | Reached skill level 15 in Armour
 32315 | D:15     | Reached skill level 6 in Invocations
 32951 | D:15     | Found a staircase to the Depths.
 33110 | D:11     | Killed AutarchDCSS's ghost
 33323 | Spider:1 | Entered Level 1 of the Spider Nest
 33985 | Spider:1 | Got the Lectures on the Crevasse and the Vector
 36431 | Spider:1 | Reached skill level 17 in Fighting
 36928 | Spider:2 | Reached skill level 17 in Axes
 36928 | Spider:2 | Reached skill level 7 in Invocations
 36990 | Spider:2 | Reached XP level 17. HP: 147/147 MP: 0/22
 37645 | D:13     | Noticed a sphinx
 37658 | D:13     | Killed a sphinx
 38525 | Spider:3 | Noticed Louise
 38574 | Spider:3 | Killed Louise
 39229 | Spider:4 | Entered Level 4 of the Spider Nest
 39499 | Spider:3 | Reached skill level 8 in Invocations
 40054 | Spider:4 | Paralysed by a jorogumo for 3 turns
 40061 | Spider:4 | Reached skill level 16 in Armour
 40371 | Spider:4 | Identified the maw talisman "Qukof" {Dex+5 Stlth+}
 40428 | Spider:4 | Noticed Arachne
 40751 | Spider:3 | Killed Arachne
 42260 | Spider:4 | Reached XP level 18. HP: 137/156 MP: 4/24
 42318 | Spider:4 | Reached skill level 18 in Fighting
 42426 | Spider:4 | Reached skill level 18 in Axes
 42512 | Spider:4 | Identified the +2 hat of Knowledge {rPois rF- rC+++ Dex-5}
 42535 | Spider:4 | Reached skill level 9 in Invocations
 42570 | Spider:4 | Got a gossamer rune of Zot
 42682 | Spider:4 | Identified a scarf of resistance
 42864 | Swamp:1  | Entered Level 1 of the Swamp
 43116 | Lair:3   | Paralysed by a fenstrider witch for 3 turns
 43249 | Lair:3   | Paralysed by a fenstrider witch for 5 turns
 44508 | Swamp:2  | Identified the +2 robe of Uskayaw's Castigation {Rampage
                  | Fly Dex-3 Stlth+}
 44648 | Swamp:2  | Found a large runed translucent door.
 44648 | Swamp:2  | Found a large runed translucent door.
 44650 | Swamp:2  | Noticed Gadrel's ghost (journeyman MDFE)
 44680 | Swamp:2  | Paralysed by a fenstrider witch for 5 turns
 45470 | Swamp:3  | Upgraded the game from 0.32-a0-485-g70f7560b1c to
                  | 0.32-a0-520-g344ed53f66
 45627 | Swamp:2  | Reached skill level 3 in Dodging
 45996 | Vaults:1 | Entered Level 1 of the Vaults
 46330 | Vaults:1 | Reached skill level 17 in Armour
 46391 | Vaults:1 | Reached skill level 10 in Invocations
 46424 | Vaults:1 | Reached skill level 4 in Dodging
 46639 | Vaults:1 | Reached XP level 19. HP: 165/165 MP: 26/26
 47843 | Vaults:2 | Noticed Mennas
 47884 | Vaults:2 | Killed Mennas
 47885 | Vaults:2 | Reached skill level 5 in Dodging
 48037 | Vaults:2 | Reached skill level 19 in Fighting
 48800 | Vaults:2 | Reached skill level 6 in Dodging
 49069 | Vaults:2 | Reached skill level 11 in Invocations
 49189 | Vaults:2 | Found a staircase to the Crypt.
 49189 | Vaults:2 | Found a basalt altar of Yredelemnul.
 49189 | Vaults:2 | Found an ancient bone altar of Kikubaaqudgha.
 49267 | Vaults:2 | HP: 14/167 [poisoned by a war gargoyle]
 49267 | Vaults:2 | HP: 5/167 [centaur warrior/arrow (9)]
 49267 | Vaults:2 | The Shining One protects you from harm!
 49268 | Vaults:2 | HP: 2/167 [centaur warrior/arrow (14)]
 49269 | Vaults:2 | Slain by a war gargoyle

Vanquished Creatures
  Mennas (Vaults:2)
  Arachne (Spider:3)
  3 sphinxes
  A thorn hunter (Swamp:1)
  2 fenstrider witches
  A fire giant (Vaults:2)
  4 emperor scorpions
  7 vault wardens
  Louise (Spider:3)
  10 ghost moths
  A frost giant (Vaults:2)
  2 orc warlords
  4 ironbound preservers
  3 ironbound thunderhulks (Vaults:2)
  2 broodmothers (Spider:3)
  An eleionoma (Swamp:1)
  5 bunyips
  6 spark wasps
  3 dire elephants (Vaults:1)
  The ghost of AutarchDCSS the Carver, a journeyman CoHs of Wu Jian (D:11)
  Josephine (Lair:5)
  3 entropy weavers
  3 great orbs of eyes
  A ghost crab (Swamp:2)
  3 vault guards
  7 yaktaur captains
  6 hydras
  2 peacekeepers (Vaults:2)
  A rakshasa (D:15)
  6 alligators
  3 jorogumos (Spider:4)
  An ogre mage (Orc:2)
  2 ironbound frosthearts
  Erica (D:8)
  7 boulder beetles
  4 catoblepae
  6 centaur warriors
  5 two-headed ogres
  A deep troll earth mage (D:13)
  12 death yaks
  7 demonic crawlers
  5 orc high priests
  3 skysharks
  Nergalle (D:10)
  4 pharaoh ants
  A glowing orange brain (Vaults:1)
  3 spriggan druids
  5 deep trolls (Vaults:2)
  4 goliath frogs
  4 steelbarb worms
  3 sun moths
  7 swamp dragons
  2 bog bodies
  16 orb spiders
  2 arcanists
  11 ironbound convokers
  7 lindwurms
  2 deep elf pyromancers
  2 necromancers
  12 orc knights
  7 cyclopes
  An orc sorcerer (Orc:1)
  35 ugly things
  27 wolf spiders
  An oklob plant (Lair:1)
  A salamander (shapeshifter) (D:15)
  6 manticores
  A will-o-the-wisp (Swamp:2)
  4 moths of wrath
  8 vault sentinels
  A meliai (shapeshifter) (D:15)
  10 elephants
  An ice statue (Lair:2)
  8 meliai
  6 black mambas
  2 human skeletons
  A frost giant skeleton (Vaults:2)
  3 torpor snails
  4 gargoyles
  15 cane toads
  2 ice devils (Lair:2)
  An efreet (D:14)
  2 unseen horrors
  27 yaktaurs
  7 komodo dragons
  2 freezing wraiths
  9 rime drakes
  A bloated husk (Swamp:1)
  6 polar bears
  3 trolls
  A queen bee (Lair:3)
  A tarantella (shapeshifter) (D:13)
  4 hornets
  18 tarantellas
  A tengu simulacrum (Vaults:1)
  16 blink frogs
  An ettin zombie (Vaults:2)
  A dream sheep (shapeshifter) (D:14)
  2 tyrant leeches
  25 slime creatures
  17 jumping spiders
  A fire giant simulacrum (Vaults:1)
  Sigmund (D:3)
  2 centaur simulacra (D:14)
  3 shadows
  5 spriggans
  14 culicivoras
  8 wyverns
  4 wraiths (Lair:5)
  78 yaks
  A vampire (D:9)
  9 basilisks
  An elf zombie (Vaults:1)
  11 vampire mosquitoes
  A warg (Orc:1)
  25 redbacks
  2 steam dragons
  6 swamp worms
  3 acid dragons
  A glowing shapeshifter zombie (Vaults:2)
  15 water moccasins
  The ghost of BubbleThief the Gusty, an amateur TeAE (D:3)
  Duvessa (D:7)
  29 orc warriors
  6 laughing skulls
  4 black bears
  An ogre (shapeshifter) (D:13)
  4 swamp drakes
  8 ogres
  29 wolves
  3 centaurs
  7 boggarts (Vaults:1)
  6 kobold brigands
  A phantom (D:6)
  A brain worm (Sewer)
  13 bullfrogs
  A two-headed ogre simulacrum (Lair:2)
  10 gnoll sergeants
  A cane toad simulacrum (Lair:2)
  3 scorpions
  9 wights
  Dowan (D:7)
  An elephant simulacrum (Lair:2)
  37 killer bees
  2 electric eels (D:7)
  4 howler monkeys
  A human simulacrum (Vaults:2)
  7 hounds
  3 jellies
  31 orc priests
  6 gnoll boudas
  6 iguanas
  25 orc wizards
  A troll simulacrum (Lair:2)
  6 hell rats
  25 gnolls
  5 river rats
  11 adders
  2 naga simulacra (Lair:2)
  2 shadow imps
  4 white imps
  2 ufetubi (D:5)
  3 dart slugs
  3 ribbon worms
  88 orcs
  12 endoplasms
  7 giant cockroaches
  11 goblins
  6 hobgoblins
  2 jackals (D:3)
  22 kobolds
  4 quokkas
  12 ball pythons
  5 bats
  3 frilled lizards
  10 rats
  A butterfly (Lair:4)
1224 creatures vanquished.

Vanquished Creatures (collateral kills)
  3 hydras
  A goliath frog (Swamp:2)
  A hornet (Swamp:1)
  A spriggan (Swamp:1)
6 creatures vanquished.

Vanquished Creatures (others)
  2 bloated husks
  A raiju (shapeshifter) (D:13)
  An ogre (Orc:1)
  An orc wizard (D:13)
  A gnoll (D:10)
  An orc (D:9)
  4 foxfires (Swamp:2)
11 creatures vanquished.

Grand Total: 1241 creatures vanquished

Table legend: (Time is in decaauts)
 A = Elapsed time spent in this place.
 B = Non-inter-level travel time spent in this place.
 C = Inter-level travel time spent in this place.
 D = Time resting spent in this place.
 E = Time spent auto-exploring this place.
 F = Levels seen in this place.
 G = Mean time per level.
                   A        B        C        D        E       F      G
               +--------+--------+--------+--------+--------+-----+--------+
         Total |  49082 |  45148 |   3934 |  12230 |  24263 |  34 | 1443.6 |
       Dungeon |  19431 |  17263 |   2168 |   2778 |  11526 |  15 | 1295.4 |
        Temple |      1 |      0 |      1 |      0 |      0 |   1 |    1.0 |
          Lair |  11830 |  10703 |   1127 |   3309 |   5592 |   5 | 2366.0 |
         Swamp |   2383 |   2299 |     84 |    709 |   1097 |   3 |  794.3 |
   Spider Nest |   8654 |   8333 |    321 |   4629 |   2449 |   4 | 2163.5 |
  Orcish Mines |   1713 |   1594 |    119 |    219 |    827 |   2 |  856.5 |
        Vaults |   2964 |   2852 |    112 |    144 |   2032 |   2 | 1482.0 |
         Sewer |    955 |    955 |      0 |    100 |    607 |   1 |  955.0 |
        Bailey |   1148 |   1148 |      0 |    340 |    132 |   1 | 1148.0 |
               +--------+--------+--------+--------+--------+-----+--------+

Top non-repeatable levels by time:
  Lair:2: 3910 daAuts
Spider:2: 2586 daAuts
    D:13: 2509 daAuts
  Lair:1: 2426 daAuts
  Lair:3: 2367 daAuts
Spider:3: 2286 daAuts
Spider:4: 2117 daAuts
    D:12: 2043 daAuts
    D:10: 1905 daAuts
  Lair:4: 1863 daAuts
Spider:1: 1665 daAuts
Vaults:1: 1544 daAuts
     D:7: 1527 daAuts
Vaults:2: 1420 daAuts
    D:11: 1367 daAuts

Table legend:
 A = Non-vault XP
 B = Vault XP
 C = Vault XP percentage of total XP
 D = Non-vault monster count
 E = Vault monster count
 F = Vault count percentage of total count
                 A         B        C        D         E       F
            +---------+---------+-------+---------+---------+-------
      Total |  250465 |  133950 |  34.8 |     813 |     416 |  33.8
            +---------+---------+-------+---------+---------+-------
        D:1 |      30 |       2 |   6.2 |      19 |       1 |   5.0
        D:2 |      74 |       0 |   0.0 |      19 |       0 |   0.0
        D:3 |     142 |     414 |  74.5 |      18 |       9 |  33.3
        D:4 |     264 |       0 |   0.0 |      18 |       0 |   0.0
        D:5 |     757 |       0 |   0.0 |      25 |       0 |   0.0
        D:6 |     825 |     240 |  22.5 |      20 |       3 |  13.0
        D:7 |    1128 |     219 |  16.3 |      21 |       7 |  25.0
        D:8 |     963 |     965 |  50.1 |      18 |       2 |  10.0
        D:9 |    2267 |       0 |   0.0 |      33 |       0 |   0.0
       D:10 |    1785 |    3958 |  68.9 |       8 |      21 |  72.4
       D:11 |    3065 |    3617 |  54.1 |      15 |      12 |  44.4
       D:12 |    4928 |       0 |   0.0 |      28 |       0 |   0.0
       D:13 |   10877 |    5849 |  35.0 |      32 |      11 |  25.6
       D:14 |   14215 |       0 |   0.0 |      32 |       0 |   0.0
       D:15 |   11148 |    5061 |  31.2 |      25 |       9 |  26.5
     Lair:1 |    8480 |    2543 |  23.1 |      35 |       6 |  14.6
     Lair:2 |   10115 |    7157 |  41.4 |      36 |      23 |  39.0
     Lair:3 |   13305 |    7466 |  35.9 |      48 |      50 |  51.0
     Lair:4 |    4816 |    4294 |  47.1 |      18 |       9 |  33.3
     Lair:5 |    8558 |   11996 |  58.4 |      26 |      28 |  51.9
    Swamp:1 |   13093 |    1458 |  10.0 |      21 |       1 |   4.5
    Swamp:2 |   13208 |    1110 |   7.8 |      23 |       4 |  14.8
    Swamp:3 |     899 |    3107 |  77.6 |       2 |       5 |  71.4
   Spider:1 |    5634 |       0 |   0.0 |      12 |       0 |   0.0
   Spider:2 |   16533 |       0 |   0.0 |      33 |       0 |   0.0
   Spider:3 |   20709 |    4631 |  18.3 |      38 |       4 |   9.5
   Spider:4 |   13924 |   32507 |  70.0 |      28 |      57 |  67.1
      Orc:1 |    3985 |    2731 |  40.7 |      43 |      16 |  27.1
      Orc:2 |    4272 |    7728 |  64.4 |      19 |      51 |  72.9
   Vaults:1 |   28715 |    2567 |   8.2 |      47 |       7 |  13.0
   Vaults:2 |   31751 |   22145 |  41.1 |      53 |      21 |  28.4
      Sewer |       0 |     468 | 100.0 |       0 |      28 | 100.0
     Bailey |       0 |    1717 | 100.0 |       0 |      31 | 100.0
            +---------+---------+-------+---------+---------+-------
